 Dungeon Crawl Stone Soup version 0.30-b1-6-gad0e9d6a2d (webtiles) character file.

Game seed: 11104295754818231008

7 Mysteryquy the Trooper (level 1, 0/20 HPs)
             Began as a Minotaur Berserker on May 5, 2023.
             Was a Follower of Trog.
             Slain by a dart slug (3 damage)
             ... on level 1 of the Dungeon.
             The game lasted 00:00:14 (93 turns).

Mysteryquy the Trooper (Minotaur Berserker)           Turns: 93, Time: 00:00:15

Health: 0/20       AC:  2    Str: 21    XL:     1   Next: 91%
Magic:  0/0        EV: 12    Int:  4    God:    Trog [*.....]
Gold:   11         SH:  0    Dex:  9    Spells: 0/0 levels left

rFire   . . .        a - +0 hand axe
rCold   . . .        (no shield)
rNeg    . . .        b - +0 animal skin
rPois   .            (helmet restricted)
rElec   .            (no cloak)
rCorr   .            (no gloves)
SInv    .            (no boots)
Will    .....        (no amulet)
Stlth   +            (no ring)
HPRegen 0.23/turn    (no ring)
MPRegen 0.07/turn

%: no passive effects
@: no status effects
A: horns 2, retaliatory headbutt
a: Renounce Religion, Berserk


You were on level 1 of the Dungeon.
You worshipped Trog.
Trog was aware of your devotion.
You visited 1 branch of the dungeon, and saw 1 of its levels.

You collected 11 gold pieces.

Inventory:

Hand Weapons
 a - a +0 hand axe (weapon)
Armour
 b - a +0 animal skin (worn)
Scrolls
 c - a scroll of identify {unknown}


   Skills:
 + Level 3.9 Fighting
 + Level 3.9 Axes
 + Level 2.5 Armour
 + Level 2.3 Dodging


You couldn't memorise any spells.
You didn't know any spells.
Your spell library was empty.

Dungeon Overview and Level Annotations

Branches:
Dungeon (1/15)

Altars:


Innate Abilities, Weirdness & Mutations

You have a pair of horns on your head.
You reflexively headbutt those who attack you in melee.


Message History

There are monsters nearby!
A kobold comes into view. It is wielding a +0 short sword.
Found 14 gold pieces and a great mace.
The rat bites you. The dart slug launches a dart at you.
The slug dart hits you.
You barely miss the rat. The rat bites you but does no damage.
You barely miss the rat. The rat bites you.
You closely miss the rat. The rat barely misses you.
You slash the rat!
You kill the rat!
Trog accepts your kill.
You miss the kobold.
The kobold hits you with a +0 short sword.
You barely miss the kobold.
The kobold hits you with a +0 short sword.
You closely miss the kobold. The kobold closely misses you.
You completely miss the kobold.
The kobold hits you with a +0 short sword. x2
* * * LOW HITPOINT WARNING * * *
You miss the kobold. Your headbutt misses the kobold.
The kobold hits you but does no damage.
You hit the kobold.
The kobold is severely wounded.
The kobold barely misses you. You furiously retaliate!
You headbutt the kobold.
You kill the kobold!
Trog accepts your kill. The hobgoblin hits you.
* * * LOW HITPOINT WARNING * * *
You see here a +0 short sword.
You closely miss the hobgoblin. The hobgoblin completely misses you.
You furiously retaliate!
You headbutt the hobgoblin!
You kill the hobgoblin!
Trog accepts your kill.
You hit the dart slug.
The dart slug is moderately wounded.
You hit the dart slug. You headbutt the dart slug.
The dart slug is severely wounded.
The dart slug bites you.
You die...

#........# #....
#.......)# #....
#........# ##....
#......... #.....
#.......$###(.[..
#........##......
#........##.....#
####w.......##..####
#..@##########...###
#....#.##########......
#### #.##.......#......
#..'.......##.....
####.......###....
#........#####.
#............##
#......†####...
#.......######.


You could see a dart slug.

Vanquished Creatures
  2 bats (D:1)
  A giant cockroach (D:1)
  A hobgoblin (D:1)
  A frilled lizard (D:1)
  A kobold (D:1)
  2 rats (D:1)
8 creatures vanquished.

Notes
Turn   | Place    | Note
-------+----------+-------------------------------------------
     0 | D:1      | Mysteryquy the Minotaur Berserker began the quest for the
                  | Orb.
     0 | D:1      | Reached XP level 1. HP: 19/19 MP: 0/0
    93 | D:1      | Slain by a dart slug

Illustrated notes

Levels and vault maps discovered:
D:1:      dpeg_arrival_arbitrary_a, layout_basic, minivault_23

Action                     || total
---------------------------++-------
  Melee: Hand axe          ||    23
         Headbutt          ||     1
 Armour: Animal skin       ||    10
  Dodge: Dodged            ||     9
